 Dungeon Crawl Stone Soup version 0.30-a0-310-g7d6cbdfea6 (webtiles) character file.

Game seed: 3287891524256304628

490 koil the Sneak (level 6, -2/32 HPs)
             Began as a Spriggan Brigand on Oct 24, 2022.
             Killed by divine providence
             ... invoked by an orc priest
              (13 damage)
             ... on level 4 of the Dungeon.
             The game lasted 00:07:42 (4111 turns).

koil the Sneak (Spriggan Brigand)                   Turns: 4111, Time: 00:07:42

Health: -2/32      AC:  3    Str:  7    XL:     6   Next: 90%
Magic:  12/12      EV: 18    Int: 15    God:
Gold:   99         SH:  0    Dex: 16    Spells: 12/12 levels left

rFire   . . .      SeeInvis +    a - +2 dagger
rCold   . . .      Faith    .    (no shield)
rNeg    . . .      Spirit   .    b - +0 robe
rPois   .          Reflect  .    (helmet restricted)
rElec   .          Harm     .    c - +0 cloak
rCorr   .          Rampage  .    (gloves unavailable)
Will    +....                    (boots unavailable)
Stlth   ++++......               (no amulet)
HPRegen 0.25/turn                (no ring)
MPRegen 0.13/turn                (no ring)

@: very quick
A: very small, no large weapons, unfitting armour, see invisible, speed 3
a: no special abilities


You were on level 4 of the Dungeon.
You visited 1 branch of the dungeon, and saw 4 of its levels.

You collected 99 gold pieces.

Inventory:

Hand Weapons
 a - a +2 dagger (weapon)
 r - a +0 vorpal mace
Missiles
 d - 21 poisoned darts (quivered)
 e - 3 curare-tipped darts
Armour
 b - a +0 robe (worn)
 c - a +0 cloak (worn)
Jewellery
 q - a ring of fire
Wands
 t - a wand of iceblast (12)
Scrolls
 f - 2 scrolls of torment {unknown}
 g - 4 scrolls of identify {unknown}
 i - 2 scrolls of vulnerability {unknown}
 j - a scroll of silence {unknown}
 k - 2 scrolls of teleportation {unknown}
 l - a scroll of magic mapping {unknown}
 m - a scroll of enchant armour {unknown}
 n - a scroll of enchant weapon {unknown}
 s - 2 scrolls of noise {unknown}
 u - a scroll of butterflies {unknown}
 w - a scroll of amnesia {unknown}
Potions
 h - 2 potions of degeneration {unknown}
 o - 3 potions of lignification {unknown}
 p - a potion of haste {unknown}
 v - a potion of cancellation {unknown}
 x - a potion of magic {unknown}


   Skills:
 + Level 2.9 Fighting
 + Level 4.1 Short Blades
 - Level 2.0 Throwing
 + Level 4.3 Dodging
 + Level 7.7 Stealth
 + Level 3.6 Spellcasting


You had 12 spell levels left.
You didn't know any spells.
Your spell library contained the following spells:

 Spells                   Type           Power      Damage    Failure   Level
 Cigotuvi's Dreadful Rot  Necr/Pois/Air  4%         N/A       28%         2
 Poisonous Vapours        Pois/Air       4%         N/A       28%         2
 Mephitic Cloud           Conj/Pois/Air  2%         N/A       50%         3


Dungeon Overview and Level Annotations

Branches:
Dungeon (4/15)             Temple (0/1) D:4

Altars:
Ashenzari
Elyvilon

Shops:
D:4 (

Annotations:
D:3 1 runed translucent door, LnG's ghost, amateur KoSu


Innate Abilities, Weirdness & Mutations

You are very small and have problems with some larger weapons.
You are too small for most types of armour.
You have supernaturally acute eyesight. (SInv)
You cover ground extremely quickly. (Speed+++)


Message History

The orc priest calls down the wrath of Beogh upon you.
Beogh smites you!
You see here a ball python corpse.
The orc wizard gestures wildly while chanting.
The orc wizard flickers and vanishes for a moment.
Throw: 21 darts (poison)
Press: ? - help, Q - select action, (/) - cycle Shift-Dir - straight line, p - orc wizard
Okay, then.
You hit the endoplasm.
The endoplasm is severely wounded.
The endoplasm barely misses you.
You hit the endoplasm.
You kill the endoplasm!
You swing at nothing.
The orc priest looks encouraged for a moment.
You hit the orc but do no damage. The orc closely misses you.
You barely miss the orc. The orc completely misses you.
You hit the orc but do no damage. The orc completely misses you.
You barely miss the orc. You hit the orc but do no damage.
The orc hits you but does no damage.
You hit the orc.
The orc is moderately wounded.
The orc barely misses you.
You hit the orc but do no damage.
The orc is moderately wounded.
The orc barely misses you.
You hit the orc but do no damage.
The orc is moderately wounded.
The orc closely misses you.
The orc priest mumbles some strange prayers to Beogh against you.
Beogh smites you!
Ouch! That really hurt!
You hit the orc but do no damage.
The orc is moderately wounded.
You hit the orc but do no damage.
The orc is moderately wounded.
The orc closely misses you.
The orc priest calls down the wrath of Beogh upon you.
Beogh smites you!
You die...

###♣###♣.#...### #...#....
#...'∩#♣.#.#### ##..##...
#.#♣###♣.#....#### #..####.
#.# ♣.#.......####......
#######.#
#.#.....o..†###.....
........#
#.#oo.oo...?.####...
#######.######.#o###?####..#
#### #........#o# #... #..#
# ######.###@# #....#.o.#
#........#.# #....#oo.#
#........#.. #[......o#
######.###..#######.... #.#
#... #..(.# # #.# #....
#....# # #.# #.... ...... #
#.########### #
#......>....#


You could see an orc priest, an orc wizard (invisible) and 2 orcs.

Vanquished Creatures
  An ogre (D:3)
  2 necrophages (D:4)
  A scorpion (D:4)
  A hound (D:3)
  A gnoll (D:3)
  8 adders
  A worm (D:2)
  2 dart slugs
  2 orcs (D:4)
  4 bats
  16 endoplasms
  7 giant cockroaches
  19 goblins
  6 hobgoblins
  8 jackals
  A quokka (D:3)
  12 ball pythons
  3 frilled lizards
  8 kobolds
  6 rats
109 creatures vanquished.

Notes
Turn   | Place    | Note
-------+----------+-------------------------------------------
     0 | D:1      | koil the Spriggan Brigand began the quest for the Orb.
     0 | D:1      | Reached XP level 1. HP: 10/10 MP: 2/2
   173 | D:1      | Reached skill level 6 in Stealth
   245 | D:1      | Reached XP level 2. HP: 9/15 MP: 2/4
   462 | D:1      | Reached skill level 1 in Spellcasting
   511 | D:1      | Found a faded altar of an unknown god.
  1001 | D:1      | Reached XP level 3. HP: 18/18 MP: 5/5
  1603 | D:2      | Reached XP level 4. HP: 23/23 MP: 7/7
  2227 | D:3      | Found a runed translucent door.
  2227 | D:3      | Noticed LnG's ghost (amateur KoSu)
  2639 | D:3      | Reached XP level 5. HP: 18/27 MP: 9/9
  2780 | D:3      | Identified the +1 ring mail of Evolution {Will- Str+6}
  2850 | D:3      | Noticed an ogre
  2868 | D:3      | Killed an ogre
  2869 | D:3      | Reached skill level 7 in Stealth
  3050 | D:3      | Noticed an ice beast
  3069 | D:3      | Reached XP level 6. HP: 32/32 MP: 11/11
  3343 | D:4      | Found a white marble altar of Elyvilon.
  3483 | D:4      | Found a broken altar of Ashenzari.
  3653 | D:4      | Found a staircase to the Ecumenical Temple.
  3971 | D:4      | Found Foelaf's Weapon Emporium.
  4111 | D:4      | Killed from afar by an orc priest

Illustrated notes

Levels and vault maps discovered:
D:1:      minmay_arrival_diagonal_passages, layout_basic,
          hellmonk_ecumenical_altar_crossroads
D:2:      layout_basic, st_stairs_11
D:3:      layout_basic, ebering_ghost_inner_flame, serial_bayou_pond_b,
          nrook_campfire, st_stairs_6, grunt_ministairs_15,
          minmay_misc_feat_four_crosses, grunt_decor_cap, minmay_crystal_water,
          minmay_ogre_servants
D:4:      minmay_recursive_quarters, layout_loops_ring,
          ashenzari_conservatory_becter, mainiacjoe_overflow_surrounded_room,
          temple_statues, serial_shops, kennysheep_mini_moat

Skill      XL: |  1  2  3  4  5  6 |
---------------+-------------------+-----
Stealth        | 6 7 |  7.7
Spellcasting   | 1 2 3 |  3.6
Dodging        | 2 3 4 |  4.3
Fighting       | 2 |  2.9
Short Blades   | 3 4 |  4.1
Throwing       | |  2.0

Action                   |  1- 3 |  4- 6 || total
-------------------------+-------+-------++-------
Melee: Dagger            |   132 |   230 ||   362
       Punch             |     3 |     2 ||     5
Throw: Dart              |     4 |     8 ||    12
Evoke: Wand              |       |     2 ||     2
 Stab: Sleeping          |    11 |    21 ||    32
Armor: Robe              |    20 |    31 ||    51
Dodge: Dodged            |    85 |   151 ||   236

Table legend: (Time is in decaauts)
 A = Elapsed time spent in this place.
 B = Non-inter-level travel time spent in this place.
 C = Inter-level travel time spent in this place.
 D = Time resting spent in this place.
 E = Time spent auto-exploring this place.
 F = Levels seen in this place.
 G = Mean time per level.
                   A        B        C        D        E       F      G
               +--------+--------+--------+--------+--------+-----+--------+
         Total |   2840 |   2694 |    146 |     95 |   1967 |   4 |  710.0 |
       Dungeon |   2840 |   2694 |    146 |     95 |   1967 |   4 |  710.0 |
               +--------+--------+--------+--------+--------+-----+--------+

Top non-repeatable levels by time:
     D:3: 892 daAuts
     D:1: 788 daAuts
     D:2: 588 daAuts
     D:4: 570 daAuts
